 Dungeon Crawl Stone Soup version 0.32-a0-39-g5c88369fb2 (webtiles) character file.

Game seed: 7111568947010329078

1938 Colgate the Slicer (level 9, -9/44 HPs)
             Began as a Vine Stalker Air Elementalist on Feb 5, 2024.
             Was an Initiate of Ashenzari.
             Killed by divine providence
             ... invoked by an orc priest
              (15 damage)
             ... on level 7 of the Dungeon.
             The game lasted 00:12:10 (5635 turns).

Colgate the Slicer (Vine Stalker Air Elementalist)  Turns: 5635, Time: 00:12:11

Health: -9/44      AC: 15    Str: 21    XL:     9   Next: 18%
Magic:  0/13       EV:  7    Int: 15    God:    Ashenzari [......]
Gold:   281        SH:  5    Dex: 15    Spells: 11/12 levels left

rFire   + . .        a - +1 dagger (elec)
rCold   . . .        (no shield)
rNeg    . . .        n - +0 plate armour
rPois   .            (no helmet)
rElec   .            j - scarf {harm}
rCorr   .            u - +2 pair of gloves
SInv    .            (no boots)
Will    +....        c - amulet of reflection Stlth
                     g - +6 ring of strength
HPRegen 1.07/turn    t - ring of protection from fire
MPRegen 0.13/turn

%: harm (+30% outgoing, +20% incoming), reflection, guardian spirit
@: no status effects
A: fangs 3, regeneration 1, magic shield, antimagic bite, no potion heal 2
a: Renounce Religion


You were on level 7 of the Dungeon.
You worshipped Ashenzari.
Ashenzari was noncommittal.
You visited 2 branches of the dungeon, and saw 8 of its levels.
You also visited: Sewer.

You collected 362 gold pieces.
You spent 81 gold pieces at shops.

Inventory:

Hand Weapons
 a - a +1 dagger of electrocution (weapon)
Armour
 j - a scarf of harm (worn)
 n - a +0 plate armour (worn)
 s - a scarf of invisibility
 u - a +2 pair of gloves (worn)
Jewellery
 c - an amulet of reflection (around neck)
 g - a +6 ring of strength (left hand)
 r - a ring of protection from cold
 t - a ring of protection from fire (right hand)
 z - a +6 ring of strength
Scrolls
 d - 3 scrolls of teleportation {@r3}
 f - 2 scrolls of immolation
 h - 6 scrolls of amnesia
 i - 3 scrolls of fog
 w - 3 scrolls of noise
 x - a scroll of butterflies
 y - a scroll of revelation
 C - a scroll of identify {@r1}
Potions
 b - 4 potions of magic
 e - 2 potions of invisibility {unknown}
 k - 2 potions of brilliance
 l - 3 potions of cancellation {unknown}
 m - a potion of attraction {unknown}
 o - 2 potions of might {@q3}
 p - a potion of lignification {unknown}
 q - 2 potions of curing {unknown}
 v - 5 potions of mutation
 A - 3 potions of heal wounds {@q2}
 B - a potion of haste {unknown}


   Skills:
 - Level 3.5 Fighting
 - Level 8.0 Short Blades
 + Level 5.2 Armour
 - Level 1.5 Dodging
 - Level 2.4 Stealth
 - Level 2.1 Spellcasting
 - Level 1.0 Conjurations
 - Level 3.0 Air Magic


You had 11 spell levels left.
You knew the following spells:

 Your Spells              Type           Power      Damage    Failure   Level
a - Shock                 Conj/Air       28%        1d4       91%         1

Your spell library contained the following spells:

 Spells                   Type           Power      Damage    Failure   Level
 Static Discharge         Conj/Air       14%        3-4/arc   97%         2
 Kiss of Death            Conj/Necr      12%        2d6       98%         1
 Freeze                   Ice            4%         1d3       99%         1
 Slow                     Hex            4%         N/A       99%         1
 Swiftness                Air            10%        N/A       99%         3
 Confusing Touch          Hex            1%         N/A       100%        3
 Frozen Ramparts          Ice            2%         1d1       100%        3
 Hailstorm                Conj/Ice       3%         3d5       100%        3
 Inner Flame              Hex/Fire       1%         N/A       100%        3
 Sigil of Binding         Hex            1%         N/A       100%        3
 Vampiric Draining        Necr           1%         2d6       100%        3
 Airstrike                Air            5%         2d(1-17)  100%        4
 Animate Dead             Necr           1%         N/A       100%        4
 Dispel Undead            Necr           1%         3d6       100%        4
 Irradiate                Conj/Alch      1%         3d12      100%        5
 Haunt                    Necr/Summ      0%         N/A       100%        7
 Ignition                 Fire           0%         3d3       100%        8
 Infestation              Necr           0%         N/A       100%        8


Dungeon Overview and Level Annotations

Branches:
Dungeon (7/15)             Temple (1/1) D:7           Sewer (visited)

Altars:
Ashenzari
Cheibriados
Dithmenos
Elyvilon
Fedhas
Gozag
Hepliaklqana
Kikubaaqudgha
Makhleb
Nemelex Xobeh
Qazlal
Ru
Sif Muna
Trog
Uskayaw
Vehumet
Wu Jian
Xom
Yredelemnul
Zin
The Shining One

Shops:
D:5 *

Annotations:
D:4 2 transporters, Kurok's ghost, novice MiFi


Innate Abilities, Weirdness & Mutations

You have razor-sharp teeth.
Your natural rate of healing is unusually fast.
When hurt, damage is shared between your health and your magic reserves.
Your bite disrupts and absorbs the magic of your enemies.
Potions cannot restore your health.


Message History

There are monsters nearby!
You are too injured to fight recklessly!
There are monsters nearby!
You are too injured to fight recklessly!
There are monsters nearby!
You are too injured to fight recklessly!
There are monsters nearby!
You are too injured to fight recklessly!
There are monsters nearby!
You are too injured to fight recklessly!
There are monsters nearby!
You are too injured to fight recklessly!
There are monsters nearby!
You are too injured to fight recklessly!
There are monsters nearby!
You are too injured to fight recklessly!
There are monsters nearby!
You are too injured to fight recklessly!
There are monsters nearby!
You are too injured to fight recklessly!
There are monsters nearby!
You are too injured to fight recklessly!
There are monsters nearby!
You are too injured to fight recklessly!
There are monsters nearby!
An orc priest comes into view. It is wielding a +1 whip of flaming.
The ufetubus slips past you!
The ufetubus hits you but does no damage. x2
The orc priest casts a cantrip, but nothing happens.
The steam dragon breathes steam at you. The ball of steam hits you. You resist.
You hit the ufetubus. You bite the ufetubus. You drain its power.
You feel invigorated. The ufetubus closely misses you.
You block the ufetubus's attack. The red ugly thing stings you.
* * * LOW HITPOINT WARNING * * *
You are engulfed in flames.
You resist.
* * * LOW HITPOINT WARNING * * *
The orc priest mumbles some strange prayers to Beogh against you.
Beogh smites you!
You die...

.....###.#.###. # ...(.
.#.. ### .. .. # o#
.... #$###h# ###....
#.ou.D#.$...!.
#.....#@.......#
#.###.#5###...#
....#.†....##
...........##
..........#############
#####..................
#####....##.....###
###.....###....
###...## ####.


You could see a red ugly thing, a steam dragon, an orc warrior (reflecting), a
black bear, an orc priest and an ufetubus.

Vanquished Creatures
  An unseen horror (D:7)
  A water moccasin (D:6)
  Menkaure (D:6)
  2 sky beasts
  2 centaurs
  An ogre (D:7)
  2 kobold brigands (Sewer)
  A brain worm (Sewer)
  A bullfrog (D:7)
  4 howler monkeys
  2 bombardier beetles (D:5)
  2 hounds
  An orc priest (D:7)
  2 sleepcaps
  Jessica (D:3)
  4 orc wizards
  9 adders
  A shadow imp (D:7)
  2 ufetubi (D:7)
  5 dart slugs
  5 ribbon worms
  23 orcs
  4 endoplasms
  8 giant cockroaches
  5 goblins
  7 hobgoblins
  3 jackals (D:5)
  7 quokkas
  10 ball pythons
  8 bats
  3 frilled lizards
  19 kobolds
  15 rats
162 creatures vanquished.

Notes
Turn   | Place    | Note
-------+----------+-------------------------------------------
     0 | D:1      | Colgate the Vine Stalker Air Elementalist began the quest
                  | for the Orb.
     0 | D:1      | Reached XP level 1. HP: 9/9 MP: 4/4
    66 | D:1      | Reached skill level 1 in Short Blades
   185 | D:1      | Reached XP level 2. HP: 12/13 MP: 6/6
   374 | D:1      | Reached skill level 2 in Short Blades
   722 | D:1      | Reached XP level 3. HP: 16/16 MP: 7/7
  1346 | D:2      | Reached skill level 3 in Short Blades
  1412 | D:2      | Reached XP level 4. HP: 21/21 MP: 8/8
  1540 | D:2      | Found a faded altar of an unknown god.
  1946 | D:2      | Reached skill level 4 in Short Blades
  1983 | D:2      | Reached XP level 5. HP: 24/24 MP: 9/9
  2062 | D:3      | Noticed Jessica
  2066 | D:3      | Killed Jessica
  2257 | D:3      | Found a hide-covered altar of Uskayaw.
  2258 | D:3      | Found a shimmering altar of Xom.
  2261 | D:3      | Found a broken altar of Ashenzari.
  2648 | D:4      | Reached skill level 5 in Short Blades
  2740 | D:4      | Reached XP level 6. HP: 16/28 MP: 7/10
  2913 | D:4      | Found a transporter.
  2922 | D:4      | Noticed Kurok's ghost (novice MiFi)
  2923 | D:4      | Found a transporter.
  3057 | D:5      | Entered Level 5 of the Dungeon
  3206 | D:5      | Reached skill level 6 in Short Blades
  3334 | D:5      | Found an ancient bone altar of Kikubaaqudgha.
  3525 | D:5      | Reached XP level 7. HP: 31/32 MP: 11/11
  3891 | D:5      | Found Mafuy's Assorted Antiques.
  3894 | D:5      | Bought a scroll labelled FOONU ZIOH for 28 gold pieces
  3894 | D:5      | Bought a viscous silvery potion for 25 gold pieces
  3894 | D:5      | Bought a scroll labelled UDAOTEFUBO for 28 gold pieces
  4175 | D:6      | Reached skill level 7 in Short Blades
  4300 | D:6      | Noticed Menkaure
  4309 | D:6      | Killed Menkaure
  4310 | D:6      | Reached skill level 8 in Short Blades
  4310 | D:6      | Reached skill level 1 in Fighting
  4310 | D:6      | Gained mutation: You have razor-sharp teeth. [Vine Stalker
                  | growth]
  4310 | D:6      | Reached XP level 8. HP: 24/37 MP: 6/12
  4445 | D:6      | Found a glowing drain.
  4474 | Sewer    | Entered a sewer
  5072 | D:7      | Reached skill level 1 in Armour
  5198 | D:7      | Found a staircase to the Ecumenical Temple.
  5235 | Temple   | Entered the Ecumenical Temple
  5393 | D:3      | Became a worshipper of Ashenzari the Shackled
  5519 | D:7      | Killed an unseen horror
  5520 | D:7      | Reached XP level 9. HP: 34/44 MP: 13/13
  5614 | D:7      | Reached skill level 5 in Armour
  5625 | D:7      | Noticed a red ugly thing
  5635 | D:7      | Killed from afar by an orc priest

Illustrated notes

Levels and vault maps discovered:
D:1:      shiori_arrival_oz, layout_loops_ring, serial_bayou,
          serial_bayou_shore_a, serial_bayou_pond_b, serial_bayou_pond_e,
          serial_bayou_shore_b
D:2:      layout_basic, chequers_ecumenical_altar_island,
          kennysheep_another_room
D:3:      layout_loops_ring, nicolae_overflow_hidden_temple, uniq_jessica
D:4:      layout_basic, gammafunk_ghost_mausoleum, hangedman_decor_peaks_small
D:5:      layout_loops_cross, overflow_temple_1_default, serial_shops,
          nicolae_shop_real_fake_doors
D:6:      layout_loops_cross, gup_sewer_entry_bubbles, uniq_menkaure
D:7:      hangedman_cross_stitches, layout_rooms,
          minmay_temple_entry_proselytizer, uniq_maggie
Temple:   sentei_temple_godly_chess

Skill      XL: |  1  2  3  4  5  6  7  8  9 |
---------------+----------------------------+-----
Short Blades   | 1 2 3 4 5 6 8 |  8.0
Fighting       | 1 3 |  3.5
Armour         | 4 5 |  5.2
Dodging        | |  1.5
Stealth        | |  2.4
Spellcasting   | |  2.1
Conjurations   | |  1.0
Air Magic      | |  3.0

Action                     |  1- 3 |  4- 6 |  7- 9 || total
---------------------------+-------+-------+-------++-------
  Melee: Unarmed           |   133 |       |       ||   133
         Bite              |    37 |    75 |    83 ||   195
         Punch             |     1 |     6 |     4 ||    11
         Short sword       |    22 |       |       ||    22
         Dagger            |     7 |   234 |   261 ||   502
   Cast: Shock             |     5 |       |       ||     5
    Use: Scroll            |       |       |    11 ||    11
   Stab: Sleeping          |     3 |       |       ||     3
         Held in net/web   |       |     2 |       ||     2
 Armour: Robe              |    76 |    25 |       ||   101
         Plate armour      |       |   113 |   203 ||   316
  Dodge: Dodged            |   100 |    65 |    71 ||   236
  Block: Other             |    27 |    30 |    38 ||    95
         Reflection        |       |     2 |       ||     2

Table legend: (Time is in decaauts)
 A = Elapsed time spent in this place.
 B = Non-inter-level travel time spent in this place.
 C = Inter-level travel time spent in this place.
 D = Time resting spent in this place.
 E = Time spent auto-exploring this place.
 F = Levels seen in this place.
 G = Mean time per level.
                   A        B        C        D        E       F      G
               +--------+--------+--------+--------+--------+-----+--------+
         Total |   5572 |   5078 |    494 |     40 |   3808 |   9 |  619.1 |
       Dungeon |   5227 |   4733 |    494 |     22 |   3565 |   7 |  746.7 |
        Temple |      1 |      1 |      0 |      0 |      0 |   1 |    1.0 |
         Sewer |    343 |    343 |      0 |     18 |    243 |   1 |  343.0 |
               +--------+--------+--------+--------+--------+-----+--------+

Top non-repeatable levels by time:
     D:1: 1177 daAuts
     D:5: 945 daAuts
     D:2: 867 daAuts
     D:6: 838 daAuts
     D:3: 595 daAuts
     D:4: 499 daAuts
   Sewer: 343 daAuts
     D:7: 303 daAuts
  Temple: 1 daAuts
